 Dungeon Sprint DCSS version 0.18.1-50-g88ac8fd (webtiles) character file.

399 Groucho the Nimble (level 6, -4/36 HPs)
             Began as a Spriggan Abyssal Knight on Oct 5, 2016.
             Was a High Priest of Lugonu.
             Killed from afar by a deep elf mage (40 damage)
             ... with a bolt of magma
             ... in the Dungeon (Sprint IX: "|||||||||||||||||||||||||||||").
             The game lasted 00:03:45 (1152 turns).

Groucho the Nimble (Spriggan Abyssal Knight)        Turns: 1152, Time: 00:03:46

Health: -4/36      AC:  2    Str: 10    XL:     6   Next: 53%
Magic:  11/11      EV: 28    Int: 14    God:    Lugonu [*****.]
Gold:   0          SH:  0    Dex: 18    Spells: 0 memorised, 5 levels left

rFire  . . .     SeeInvis +     m - +2 scimitar (holy)
rCold  . . .     Gourm    .     b - +0 robe
rNeg   . . .     Faith    .     (shield currently unavailable)
rPois  .         Spirit   .     (helmet restricted)
rElec  .         Dismiss  .     (no cloak)
rCorr  .         Reflect  .     (gloves unavailable)
SustAt .         Harm     .     (boots unavailable)
MR     +....     NoTele   +     (no amulet)
Stlth  ++........               n - +2 ring of evasion
                                a - +3 ring of dexterity

@: very quick, somewhat resistant to hostile enchantments, unstealthy
A: unfitting armour, see invisible, herbivore 3, speed 3, slow metabolism 2
a: Bend Space, Banish, Corrupt, Renounce Religion


You were in the Dungeon.
You worshipped Lugonu.
Lugonu was extremely pleased with you.
You were not hungry.

You visited 1 branch

Inventory:

Hand Weapons
 e - a +2 shortbow of freezing
 m - a +2 scimitar of holy wrath (weapon)
 p - a +2 morningstar of venom
Missiles
 o - 28 arrows
Armour
 b - a +0 robe (worn)
Jewellery
 a - a +3 ring of dexterity (left hand)
 n - a +2 ring of evasion (right hand)
Wands
 l - a wand of acid (7/15)
Scrolls
 i - 2 scrolls of blinking
 j - 3 scrolls of remove curse
 k - 2 scrolls of amnesia
Potions
 d - 5 potions of curing
 f - a potion of heal wounds
 g - 4 potions of magic
 h - a potion of berserk rage
Comestibles
 c - a bread ration


   Skills:
 + Level 5.8 Fighting
 * Level 7.7 Long Blades
 + Level 9.8 Dodging
 + Level 6.4 Invocations


You had 5 spell levels left.
You didn't know any spells.

Dungeon Overview and Level Annotations

Branches:
Dungeon (1/1)

Altars:
Cheibriados
Dithmenos
Elyvilon
Fedhas
Gozag
Kikubaaqudgha
Makhleb
Nemelex Xobeh
Okawaru
Pakellas
Qazlal
Ru
Sif Muna
Trog
Vehumet
Xom
Yredelemnul
Zin
The Shining One
Beogh
Jiyva
Lugonu


Innate Abilities, Weirdness & Mutations

You are tiny and cannot use many weapons and most armour.
You have supernaturally acute eyesight.
You are a herbivore.
You cover ground extremely quickly.
You need consume almost no food.


Message History

p - a +2 morningstar of venom You see here a +0 helmet.
You see here a +0 naga barding.
You see here a +2 ring mail.
There is an open door to the Dungeon, spattered with blood here.
o - 28 arrows (gained 8)
You see here an uncursed shortbow.
Okay, then.
Okay, then.
Unknown command.
Drink which item? (? for menu, Esc to quit)
Okay, then.
You open the door.
A basilisk, an ice beast, a deep elf mage, 2 crimson imps and a skeleton come into view.
The crimson imp shouts! x2
The deep elf mage casts a spell at you.
The bolt of magma hits the crimson imp.
The crimson imp partially resists.
The bolt of magma hits you!
Ouch! That really hurt!
You die...

▓l▓
▓5▓
▓Z▓
▓Y▓
▓e▓
▓.▓
▓5▓
▓@▓
▓.▓
▓.▓
▓.▓
▓)▓
▓.▓
▓'▓
▓.▓
▓.▓


You could see a deep elf mage, a basilisk, an ice beast (wandering), 2 crimson
imps and a bat skeleton (wandering).

Vanquished Creatures
  A wraith (D)
  2 centaurs (D)
  A scorpion (D)
  A jelly (D)
  2 orc wizards (D)
  An adder (D)
  An adder skeleton (D)
  An orc (D)
  A giant cockroach (D)
  A hobgoblin (D)
  A kobold (D)
  2 giant newts (D)
15 creatures vanquished.

Vanquished Creatures (others)
  A yak (D)
1 creature vanquished.

Grand Total: 16 creatures vanquished

Notes
Turn   | Place    | Note
--------------------------------------------------------------
     0 | D        | Groucho the Spriggan Abyssal Knight began the quest for the Orb.
     0 | D        | Reached XP level 1. HP: 11/11 MP: 3/3
     7 | D        | Reached ** piety under Lugonu
     8 | D        | Reached skill level 4 in Dodging
   498 | D        | Noticed a scorpion
   498 | D        | Noticed an orc wizard
   498 | D        | Noticed an orc wizard
   504 | D        | Reached *** piety under Lugonu
   504 | D        | Reached XP level 2. HP: 16/16 MP: 4/4
   517 | D        | Reached skill level 5 in Dodging
   517 | D        | Reached XP level 3. HP: 13/20 MP: 4/6
   522 | D        | Reached skill level 6 in Dodging
   524 | D        | Reached **** piety under Lugonu
   532 | D        | Killed a scorpion
   532 | D        | Reached skill level 5 in Long Blades
   532 | D        | Reached skill level 7 in Dodging
   532 | D        | Reached XP level 4. HP: 21/25 MP: 5/8
   611 | D        | Found a glowing silver altar of Zin.
   611 | D        | Found a glowing golden altar of the Shining One.
   611 | D        | Found an ancient bone altar of Kikubaaqudgha.
   611 | D        | Found a basalt altar of Yredelemnul.
   611 | D        | Found a shimmering altar of Xom.
   611 | D        | Found a radiant altar of Vehumet.
   612 | D        | Found an iron altar of Okawaru.
   613 | D        | Found a burning altar of Makhleb.
   614 | D        | Found a deep blue altar of Sif Muna.
   615 | D        | Found a bloodstained altar of Trog.
   616 | D        | Found a sparkling altar of Nemelex Xobeh.
   617 | D        | Found a white marble altar of Elyvilon.
   618 | D        | Found a roughly hewn altar of Beogh.
   619 | D        | Found a viscous altar of Jiyva.
   620 | D        | Found a corrupted altar of Lugonu.
   621 | D        | Found a blossoming altar of Fedhas.
   622 | D        | Found a snail-covered altar of Cheibriados.
   623 | D        | Found a shadowy altar of Dithmenos.
   624 | D        | Found a stormy altar of Qazlal.
   625 | D        | Found an opulent altar of Gozag.
   626 | D        | Found a sacrificial altar of Ru.
   627 | D        | Found an oddly glowing altar of Pakellas.
   656 | D        | Noticed a centaur
   656 | D        | Noticed a wraith
   656 | D        | Noticed a centaur
   656 | D        | Noticed a yak
   667 | D        | Killed a yak
   667 | D        | Reached skill level 8 in Dodging
   667 | D        | Reached skill level 5 in Invocations
   667 | D        | Reached XP level 5. HP: 30/30 MP: 9/9
   672 | D        | Killed a centaur
   672 | D        | Reached skill level 5 in Fighting
   676 | D        | Killed a wraith
   676 | D        | Reached XP level 6. HP: 25/35 MP: 9/11
   679 | D        | Reached ***** piety under Lugonu
   679 | D        | Reached skill level 9 in Dodging
  1152 | D        | Noticed a basilisk
  1152 | D        | Noticed an ice beast
  1152 | D        | Noticed a deep elf mage
  1152 | D        | Killed from afar by a deep elf mage

Skill      XL: |  1  2  3  4  5  6 |
---------------+-------------------+-----
Long Blades    | 2 3 5 6 7 |  7.7
Invocations    | 2 3 4 5 6 |  6.4
Dodging        | 4 5 7 8 9 |  9.8
Fighting       | 3 4 5 |  5.8

Action                   |  1- 3 |  4- 6 || total
-------------------------+-------+-------++-------
Melee: Falchion          |    43 |       ||    43
       Scimitar          |       |    29 ||    29
  Use: Potion            |     2 |     2 ||     4
 Stab: Distracted        |     1 |       ||     1
       Invisible         |       |     2 ||     2
Armor: Robe              |     1 |     1 ||     2
Dodge: Dodged            |    32 |    30 ||    62
